 Dungeon Crawl Stone Soup version 0.31-a0-234-gad7ace16ef (webtiles) character file.

Game seed: 10849315290237869982

671 Nattfarinn the Stinger (level 7, -12/51 HPs)
             Began as a Demonspawn Venom Mage on July 10, 2023.
             Mangled by Duvessa
             ... wielding a +0 rapier
              (23 damage)
             ... on level 4 of the Dungeon.
             The game lasted 00:11:03 (4727 turns).

Nattfarinn the Stinger (Demonspawn Venom Mage)      Turns: 4727, Time: 00:11:03

Health: -12/51     AC:  2    Str:  9    XL:     7   Next: 32%
Magic:  11/13      EV: 19    Int: 18    God:
Gold:   85         SH:  4    Dex: 18    Spells: 6/14 levels left

rFire   + . .        e - melded +0 club
rCold   . . .        (shield currently unavailable)
rNeg    . . .        a - melded +0 robe
rPois   x            (helmet currently unavailable)
rElec   .            (cloak currently unavailable)
rCorr   .            (gloves currently unavailable)
SInv    .            i - melded +0 pair of boots
Will    .....        (no amulet)
Stlth   ++           f - ring of protection from fire
HPRegen 0.28/turn    (no ring)
MPRegen 0.13/turn

%: no passive effects
@: spider-form
A: venomous fangs, tiny, (horns 1), condensation shield, demonic magic 3
a: End Transformation


You were on level 4 of the Dungeon.
You were a venomous arachnid creature.
You visited 1 branch of the dungeon, and saw 4 of its levels.

You collected 85 gold pieces.

Inventory:

Hand Weapons
 e - a +0 club (melded)
Armour
 a - a +0 robe (melded)
 i - a +0 pair of boots (melded)
Jewellery
 f - a ring of protection from fire (left front pincers)
Wands
 r - a wand of digging (5)
Scrolls
 c - 2 scrolls of blinking
 g - 2 scrolls of teleportation
 m - a scroll of fog
 n - a scroll of revelation {unknown}
 p - a scroll of poison {unknown}
 s - a scroll of noise {unknown}
Potions
 b - a potion of magic
 d - 2 potions of heal wounds
 h - a potion of might {unknown}
 j - a potion of berserk rage {unknown}
 k - 2 potions of resistance {unknown}
 l - 2 potions of curing {unknown}
 o - a potion of degeneration {unknown}
 q - 2 potions of enlightenment {unknown}


   Skills:
 + Level 2.3 Fighting
 - Level 1.7 Dodging
 - Level 1.7 Stealth
 + Level 2.1 Unarmed Combat
 - Level 4.1 Spellcasting
 - Level 0.8 Transmutations
 - Level 6.5 Poison Magic


You had 6 spell levels left.
You knew the following spells:

 Your Spells              Type           Power      Damage    Failure   Level
a - Sting                 Tmut/Pois      68%        1d6       11%         1
b - Spider Form           Tmut/Pois      17%        N/A       24%         3
c - Olgreb's Toxic Radia  Pois           27%        N/A       24%         4

Your spell library contained the following spells:

 Spells                   Type           Power      Damage    Failure   Level
 Poisonous Vapours        Pois/Air       30%        N/A       17%         2
 Beastly Appendage        Tmut           12%        N/A       26%         1
 Kiss of Death            Conj/Necr      12%        2d6       32%         1
 Wereblood                Tmut           6%         N/A       34%         2
 Mephitic Cloud           Conj/Pois/Air  11%        N/A       38%         3
 Sublimation of Blood     Necr           3%         N/A       43%         2
 Confusing Touch          Hex            3%         N/A       63%         3
 Dispel Undead            Necr           3%         3d7       93%         4
 Summon Hydra             Summ           1%         N/A       100%        7


Dungeon Overview and Level Annotations

Branches:
Dungeon (4/15)
 Temple: D:4-7

Altars:
Gozag
Hepliaklqana

Annotations:
D:4 Duvessa, Grinder, Menkaure


Innate Abilities, Weirdness & Mutations

You are a venomous arachnid creature.
You have venomous fangs.
You are tiny and dextrous.
Your spellcasting is less reliable in this form.
Your armour is entirely melded.
You are incapable of wielding weapons or throwing items.
((You have a pair of small horns on your head.))
A meltable shield of frost defends you. (SH +4)
Spells you cast and wands you use may paralyse nearby enemies.


Message History

Casting: Spider Form (dangerous; 10% risk of failure)
Confirm with . or Enter, or press ? or * to list all spells.
You turn into a venomous arachnid creature.
Your +0 club melds into your body.
Your +0 pair of boots melds into your body.
Your +0 robe melds into your body.
Malevolent energies surge around you.
Duvessa shouts!
Duvessa goes berserk!
You hit Duvessa but do no damage.
Duvessa is poisoned.
Duvessa hits you with a +0 rapier!
You hit Duvessa but do no damage.
Duvessa looks as sick as possible!
Duvessa is lightly wounded.
Duvessa misses you. x2
You hit Duvessa but do no damage.
Duvessa is lightly wounded.
Duvessa completely misses you.
You hit Duvessa.
Duvessa looks as sick as possible!
Duvessa is moderately wounded.
Duvessa closely misses you.
You hit Duvessa.
Duvessa looks as sick as possible!
Duvessa is moderately wounded.
Duvessa completely misses you. x2
You hit Duvessa but do no damage.
Duvessa looks as sick as possible!
Duvessa is moderately wounded.
Duvessa completely misses you.
You hit Duvessa but do no damage.
Duvessa is heavily wounded.
Duvessa closely misses you. Duvessa barely misses you.
You hit Duvessa.
Duvessa looks as sick as possible!
Duvessa is heavily wounded.
Duvessa hits you with a +0 rapier!
You hit Duvessa.
Duvessa looks as sick as possible!
Duvessa is severely wounded.
Duvessa closely misses you. You block Duvessa's attack.
You hit Duvessa but do no damage.
Duvessa is severely wounded.
Duvessa hits you with a +0 rapier!
* * * LOW HITPOINT WARNING * * *
Duvessa hits you with a +0 rapier!!
You die...

.#.. ....
#.....####...#
#.......#.... ##
#...........###.#......
#.....................
#....................>
#......†.............
#..##...............
#.s#...............
#..e............†.#
####...............
##.............)
##............#
#.............
.#.............
......)†.......
..............#.


You could see Duvessa (berserk, extremely poisoned).

Vanquished Creatures
  Sigmund (D:3)
  A scorpion (D:4)
  Dowan (D:4)
  2 hounds (D:4)
  Ijyb (D:4)
  Natasha (thrice) (D:3)
  An orc wizard (D:3)
  Robin (D:3)
  9 adders
  4 worms
  A dart slug (D:3)
  8 orcs
  6 ball pythons
  10 endoplasms
  5 giant cockroaches
  13 goblins
  9 hobgoblins
  5 jackals
  9 kobolds
  A quokka (D:1)
  3 bats
  4 frilled lizards
  9 rats
107 creatures vanquished.

Notes
Turn   | Place    | Note
-------+----------+-------------------------------------------
     0 | D:1      | Nattfarinn the Demonspawn Venom Mage began the quest for
                  | the Orb.
     0 | D:1      | Reached XP level 1. HP: 13/13 MP: 3/3
   208 | D:1      | Gained mutation: Spells you cast may paralyse adjacent
                  | enemies. [demonic ancestry]
   208 | D:1      | Reached XP level 2. HP: 12/19 MP: 0/5
   425 | D:1      | Found a faded altar of an unknown god.
  1068 | D:2      | Gained mutation: You have a pair of small horns on your
                  | head. [demonic ancestry]
  1068 | D:2      | Reached XP level 3. HP: 24/24 MP: 3/6
  1098 | D:1      | Learned a level 3 spell: Spider Form
  1114 | D:2      | Reached skill level 4 in Poison Magic
  1294 | D:2      | Found an opulent altar of Gozag.
  1794 | D:2      | Gained mutation: Spells you cast may paralyse nearby
                  | enemies. [demonic ancestry]
  1794 | D:2      | Reached XP level 4. HP: 20/30 MP: 0/8
  2028 | D:2      | You fall into a shaft and drop 1 floor!
  2624 | D:3      | Found a hazy altar of Hepliaklqana.
  2820 | D:3      | Reached skill level 5 in Poison Magic
  2820 | D:3      | Gained mutation: Spells you cast and wands you use may
                  | paralyse nearby enemies. [demonic ancestry]
  2820 | D:3      | Reached XP level 5. HP: 35/35 MP: 2/9
  2977 | D:3      | Noticed Natasha
  2984 | D:3      | Killed Natasha
  3129 | D:3      | Learned a level 4 spell: Olgreb's Toxic Radiance
  3168 | D:3      | Noticed Natasha
  3175 | D:3      | Killed Natasha
  3485 | D:3      | Noticed Robin
  3502 | D:3      | Killed Robin
  3517 | D:3      | Noticed Natasha
  3629 | D:3      | Killed Natasha
  3630 | D:3      | Reached XP level 6. HP: 35/39 MP: 7/11
  3719 | D:3      | Identified the +5 dagger of Moderation {flame, rF- Str+7
                  | Dex-4 SInv}
  3774 | D:3      | Noticed Sigmund
  3915 | D:3      | Killed Sigmund
  3916 | D:3      | Reached skill level 6 in Poison Magic
  4041 | D:4      | Noticed Ijyb
  4083 | D:4      | Killed Ijyb
  4208 | D:4      | Reached skill level 1 in Fighting
  4208 | D:4      | Reached skill level 1 in Unarmed Combat
  4208 | D:4      | Gained mutation: A meltable shield of frost defends you.
                  | (SH +4) [demonic ancestry]
  4208 | D:4      | Reached XP level 7. HP: 44/48 MP: 10/13
  4238 | D:4      | Noticed Grinder
  4240 | D:4      | Noticed Menkaure
  4255 | D:4      | Paralysed by Grinder for 2 turns
  4559 | D:4      | Noticed Dowan
  4574 | D:4      | Killed Dowan
  4704 | D:4      | Noticed Duvessa
  4727 | D:4      | Mangled by Duvessa

Illustrated notes

Levels and vault maps discovered:
D:1:      shiori_arrival_oz, layout_basic,
          shapermc_ecumenical_altar_mp_highgroup, minmay_misc_feat_four_crosses
D:2:      layout_loops_ring, basic_altar, minmay_pentomino_t2
D:3:      layout_loops_corners, lemuel_doored_altar, minmay_guardbox,
          uniq_robin, uniq_sigmund, uniq_natasha
D:4:      layout_cave_pools, grunt_tough_drop, uniq_duvessa, uniq_grinder,
          uniq_menkaure, uniq_ijyb

Skill      XL: |  1  2  3  4  5  6  7 |
---------------+----------------------+-----
Poison Magic   | 4 5 6 |  6.5
Spellcasting   | 3 4 |  4.1
Fighting       | 1 2 |  2.3
Unarmed Combat | 1 2 |  2.1
Dodging        | |  1.7
Stealth        | |  1.7
Transmutations | |  0.8

Action                     |  1- 3 |  4- 6 |  7- 9 || total
---------------------------+-------+-------+-------++-------
  Melee: Unarmed           |    68 |   156 |    42 ||   266
         Club              |    21 |    17 |       ||    38
         Headbutt          |     3 |     2 |       ||     5
         Punch             |       |     1 |       ||     1
   Cast: Sting             |    62 |    15 |     7 ||    84
         Spider Form       |     6 |    20 |     8 ||    34
    Use: Potion            |       |     1 |       ||     1
         Scroll            |       |     3 |       ||     3
   Stab: Paralysed         |     6 |    15 |    10 ||    31
         Sleeping          |     2 |     1 |       ||     3
 Armour: Robe              |    10 |     4 |       ||    14
         Skin              |     4 |    14 |       ||    18
  Dodge: Dodged            |    76 |   142 |    24 ||   242
  Block: Other             |       |       |     3 ||     3

Table legend: (Time is in decaauts)
 A = Elapsed time spent in this place.
 B = Non-inter-level travel time spent in this place.
 C = Inter-level travel time spent in this place.
 D = Time resting spent in this place.
 E = Time spent auto-exploring this place.
 F = Levels seen in this place.
 G = Mean time per level.
                   A        B        C        D        E       F      G
               +--------+--------+--------+--------+--------+-----+--------+
         Total |   4738 |   4616 |    122 |    559 |   3055 |   4 | 1184.5 |
       Dungeon |   4738 |   4616 |    122 |    559 |   3055 |   4 | 1184.5 |
               +--------+--------+--------+--------+--------+-----+--------+

Top non-repeatable levels by time:
     D:3: 1913 daAuts
     D:2: 1257 daAuts
     D:1: 1090 daAuts
     D:4: 477 daAuts
